 Dungeon Crawl Stone Soup version 0.19.0-2-gae57169 (webtiles) character file.

1500 NINUZHNO the Stinger (level 8, 0/41 HPs)
             Began as a Gargoyle Venom Mage on Nov 5, 2016.
             Was a Believer of Kikubaaqudgha.
             Slain by a wyvern zombie (5 damage)
             ... on level 6 of the Dungeon.
             The game lasted 00:18:58 (7540 turns).

NINUZHNO the Stinger (Gargoyle Venom Mage)          Turns: 7540, Time: 00:18:58

Health: 0/41       AC: 12    Str: 11    XL:     8   Next: 81%
Magic:  3/15       EV: 11    Int: 19    God:    Kikubaaqudgha [**....]
Gold:   290        SH:  0    Dex: 10    Spells: 4 memorised, 8 levels left

rFire  . . .     SeeInvis .     u - +4 whip
rCold  + . .     Gourm    .     x - +1 leather armour of Zin's Righteous Anger {rN+ MR++}
rNeg   + + .     Faith    .     (no shield)
rPois  ∞         Spirit   .     e - +2 hat
rElec  +         Reflect  .     (no cloak)
rCorr  .         Harm     .     r - +0 pair of gloves
MR     ++...                    (no boots)
Stlth  ++........               (no amulet)
                                (no ring)
                                t - ring of protection from cold

@: very slightly contaminated, regenerating
A: mutation resistance 1, negative energy resistance 1, electricity resistance,
unbreathing, petrification resistance, rot immunity, AC +5
a: Receive Corpses, Renounce Religion


You were on level 6 of the Dungeon.
You worshipped Kikubaaqudgha.
Kikubaaqudgha was pleased with you.
You were not hungry.

You visited 1 branch of the dungeon, and saw 6 of its levels.

You collected 290 gold pieces.

Inventory:

Hand Weapons
 u - a +4 whip (weapon)
Armour
 a - a +0 robe
 e - a +2 hat (worn)
 r - a +0 pair of gloves (worn)
 x - the +1 leather armour of Zin's Righteous Anger (worn) {rN+ MR++}
   (You found it on level 4 of the Dungeon)

   It protects you from negative energy.
   It affects your resistance to hostile enchantments.
Jewellery
 t - a ring of protection from cold (left hand)
Wands
 y - a wand of acid (12/15)
 A - a wand of confusion (11/48)
 C - a wand of acid (12/15)
Scrolls
 h - 2 scrolls of enchant armour
 n - a scroll of fog
 v - a scroll of teleportation
 w - 4 scrolls of remove curse
 D - a scroll of fear {unknown}
 E - a scroll of amnesia
 G - a scroll of noise {unknown}
Potions
 f - a potion of magic
 g - a potion of heal wounds {unknown}
 j - a potion of agility
 k - a potion of resistance {unknown}
 m - a potion of haste {unknown}
 o - a potion of might {unknown}
 p - a potion of lignification
 q - a potion of mutation
 s - a potion of berserk rage {unknown}
 B - a potion of flight {unknown}
Books
 b - a Young Poisoner's Handbook

   Spells                             Type                      Level
   a - Sting                          Conjuration/Poison           1
   b - Mephitic Cloud                 Conjuration/Poison/Air       3
   c - Olgreb's Toxic Radiance        Poison                       4
   d - Alistair's Intoxication        Transmutation/Poison         5
   e - Venom Bolt                     Conjuration/Poison           5
 z - Kikubaaqudgha's Papyrus of Darkness
   (Kikubaaqudgha gifted it to you on level 4 of the Dungeon)

   Spells                             Type                      Level
   a - Animate Skeleton               Necromancy                   1
   b - Pain                           Necromancy                   1
   c - Corpse Rot                     Necromancy                   2
   d - Regeneration                   Charms/Necromancy            3
   e - Control Undead                 Necromancy                   4
Comestibles
 c - 5 bread rations
 d - 3 chunks of flesh
 i - 2 meat rations
 l - 6 fruits
 F - a slice of pizza


   Skills:
 + Level 3.6 Maces & Flails
 + Level 3.9 Armour
 - Level 1.5 Dodging
 - Level 2.1 Stealth
 + Level 5.1 Spellcasting
 - Level 2.5 Conjurations
 * Level 1.1 Charms
 + Level 2.6 Necromancy
   Level 1.4 Air Magic
 + Level 6.6 Poison Magic


You had 8 spell levels left.
You knew the following spells:

 Your Spells              Type           Power        Failure   Level  Hunger
a - Sting                 Conj/Pois      ###.         2%          1    None
b - Regeneration          Chrm/Necr      ##........   24%         3    ##.....
c - Olgreb's Toxic Radia  Pois           ####....     12%         4    ####...
d - Animate Skeleton      Necr           N/A          8%          1    None


Dungeon Overview and Level Annotations

Branches:
Dungeon (6/15)
 Temple: D:4-7

Altars:
Ashenzari
Elyvilon
Fedhas
Kikubaaqudgha
Okawaru
Sif Muna
Xom
The Shining One

Annotations:
D:3 Zigma's ghost, amateur DrAK


Innate Abilities, Weirdness & Mutations

You are resistant to torment.
Your stone body is resilient. (AC +5)
You are immune to poison.
You resist negative energy. (rN+)
You are resistant to electric shocks. (rElec)
You can survive without breathing.
You are immune to petrification.
You are immune to rotting.
You are somewhat resistant to further mutation.


Message History

Your ogre skeleton hits the wyvern zombie with a giant club!!
The centaur barely misses you. The wyvern zombie bites you!
* * * LOW HITPOINT WARNING * * *
You swap places.
The centaur wields an uncursed shortbow.
The centaur shoots an arrow.
The arrow hits your ogre skeleton! The wyvern zombie barely misses you.
Your ogre skeleton hits the centaur with a giant club.
You see here 2 arrows.
It was a potion of mutation.
You feel extremely strange.
You feel genetically stable.
The centaur shoots an arrow.
The arrow hits your ogre skeleton. The wyvern zombie barely misses you.
The centaur shoots an arrow.
The arrow hits your ogre skeleton!
Okay, then.
Casting: Olgreb's Toxic Radiance
Confirm with . or Enter, or press ? or * to list all spells.
Your skin crawls.
The wyvern zombie bites you.
You die...
Kikubaaqudgha rasps: "You have failed me!
Welcome... oblivion!"

.
#.....###...#...#..#.
#.#.....#
###.....#....
#.####### ##......##.
#... ##........ .####
###.##### ....### ..#
#...... >.[...c## #.#
######### #ZZ#
#.###...Z.Z.. ##@#
#.......#####
#.####^.####......
#.[.Z..######.....
####.##........#...
#.......#####....>.
#.........[.##..#...
###.#######.#...####
#. #.....# #.
#..##.#.#


You could see a centaur, a wyvern zombie and a friendly ogre skeleton.

Vanquished Creatures
  An ice beast (D:6)
  A sky beast (D:5)
  An orc warrior (D:6)
  An ogre (D:6)
  2 centaurs (D:5)
  A bullfrog (D:6)
  6 wights
  A crimson imp (D:5)
  A bullfrog skeleton (D:6)
  A jelly (D:5)
  An orc priest (D:6)
  3 hounds
  A centaur skeleton (D:5)
  4 orc wizards
  A worker ant (D:5)
  A killer bee zombie (D:6)
  9 adders
  An adder zombie (D:5)
  4 worms
  2 dart slugs (D:1)
  8 leopard geckos
  26 orcs
  3 giant cockroaches
  8 hobgoblins
  4 jackals (D:3)
  10 kobolds
  2 quokkas
  9 bats
  4 frilled lizards
  10 goblins
  2 leopard gecko skeletons (D:4)
  A quokka zombie (D:6)
  13 rats
143 creatures vanquished.

Vanquished Creatures (collateral kills)
  A wight (D:6)
  A giant cockroach (D:6)
2 creatures vanquished.

Grand Total: 145 creatures vanquished

Notes
Turn   | Place    | Note
-------+----------+-------------------------------------------
     0 | D:1      | NINUZHNO the Gargoyle Venom Mage began the quest for the Orb.
     0 | D:1      | Reached XP level 1. HP: 10/10 MP: 3/3
   453 | D:1      | Reached XP level 2. HP: 15/15 MP: 0/5
  1171 | D:1      | Reached XP level 3. HP: 19/19 MP: 1/6
  1193 | D:1      | Learned a level 3 spell: Mephitic Cloud
  1771 | D:2      | Reached skill level 5 in Poison Magic
  1909 | D:2      | Reached skill level 1 in Conjurations
  2109 | D:2      | Reached skill level 1 in Air Magic
  2109 | D:2      | Reached XP level 4. HP: 21/24 MP: 2/7
  2633 | D:3      | Noticed Zigma's ghost (amateur DrAK)
  2775 | D:3      | Reached XP level 5. HP: 25/28 MP: 1/8
  2786 | D:3      | Learned a level 4 spell: Olgreb's Toxic Radiance
  2962 | D:3      | Found a shattered altar of Ashenzari.
  2962 | D:3      | Found a glowing golden altar of the Shining One.
  2963 | D:3      | Found a shimmering altar of Xom.
  2964 | D:3      | Found a white marble altar of Elyvilon.
  2964 | D:3      | Found a deep blue altar of Sif Muna.
  2964 | D:3      | Found an ancient bone altar of Kikubaaqudgha.
  2964 | D:3      | Found an iron altar of Okawaru.
  2975 | D:3      | Became a worshipper of Kikubaaqudgha
  3912 | D:4      | Reached skill level 1 in Maces & Flails
  4566 | D:4      | Found a blossoming altar of Fedhas.
  4573 | D:4      | Got a heavily runed leather armour
  4587 | D:4      | Identified the +1 leather armour of Zin's Righteous Anger {rN+ MR++} (You found it on level 4 of the Dungeon)
  4691 | D:4      | Reached * piety under Kikubaaqudgha
  4691 | D:4      | Identified Kikubaaqudgha's Papyrus of Darkness (Kikubaaqudgha gifted it to you on level 4 of the Dungeon)
  4691 | D:4      | Received a gift from Kikubaaqudgha
  4720 | D:4      | Learned a level 3 spell: Regeneration
  4789 | D:4      | Reached XP level 6. HP: 29/32 MP: 9/9
  4835 | D:4      | Learned a level 1 spell: Animate Skeleton
  4872 | D:5      | Entered Level 5 of the Dungeon
  4901 | D:5      | Reached skill level 1 in Necromancy
  4904 | D:5      | Reached skill level 1 in Armour
  5088 | D:5      | Noticed a sky beast
  5103 | D:5      | Killed a sky beast
  5103 | D:5      | Reached XP level 7. HP: 21/36 MP: 3/11
  5789 | D:5      | Reached skill level 6 in Poison Magic
  6430 | D:5      | Reached XP level 8. HP: 26/41 MP: 10/14
  7135 | D:6      | Reached skill level 5 in Spellcasting
  7493 | D:6      | Reached ** piety under Kikubaaqudgha
  7493 | D:6      | Reached skill level 1 in Charms
  7539 | D:6      | Gained mutation: You are somewhat resistant to further mutation. [potion of mutation]
  7540 | D:6      | Slain by a wyvern zombie

Skill      XL: |  1  2  3  4  5  6  7  8 |
---------------+-------------------------+-----
Poison Magic   | 5 6 |  6.6
Conjurations   | 1 2 |  2.5
Air Magic      | 1 |  1.4
Maces & Flails | 1 2 3 |  3.6
Necromancy     | 1 2 |  2.6
Armour         | 1 2 3 |  3.9
Spellcasting   | 3 4 5 |  5.1
Charms         | 1 |  1.1
Dodging        | |  1.5
Stealth        | |  2.1

Action                   |  1- 3 |  4- 6 |  7- 9 || total
-------------------------+-------+-------+-------++-------
Melee: Unarmed           |    28 |       |       ||    28
       Dagger            |    28 |       |       ||    28
       Rapier            |     2 |    47 |       ||    49
       Whip              |       |   176 |   248 ||   424
 Cast: Sting             |    84 |    24 |     9 ||   117
       Mephitic Cloud    |       |     5 |       ||     5
       Olgreb's Toxic Ra |       |     5 |     6 ||    11
       Animate Skeleton  |       |       |    11 ||    11
       Regeneration      |       |       |     9 ||     9
  Use: Scroll            |     3 |     6 |     3 ||    12
       Potion            |       |       |     1 ||     1
 Stab: Confused          |       |     3 |       ||     3
       Sleeping          |       |     2 |     3 ||     5
  Eat: Chunk             |     5 |    13 |     7 ||    25
       Pizza             |       |       |     2 ||     2
Armor: Robe              |    27 |    78 |       ||   105
       Leather armour    |       |    23 |    86 ||   109
Dodge: Dodged            |    41 |   161 |   140 ||   342
